 Dungeon Crawl Stone Soup version 0.27.1-34-g3ba077fa99 (webtiles) character file.

Game seed: 1831995148450643560

39 McKennaii the Skirmisher (level 3, 0/29 HPs)
             Began as a Demonspawn Fighter on Jan 15, 2022.
             Killed from afar by Sigmund (3 damage)
             ... with a magic dart
             ... on level 2 of the Dungeon.
             The game lasted 00:02:58 (2387 turns).

McKennaii the Skirmisher (Demonspawn Fighter)       Turns: 2387, Time: 00:02:59

Health: 0/29       AC:  7    Str: 17    XL:     3   Next: 28%
Magic:  3/3        EV:  7    Int:  9    God:
Gold:   52         SH:  9    Dex: 12    Spells: 2/2 levels left

rFire    . . .     SeeInvis .   a - +0 trident
rCold    . . .     Faith    .   c - +0 kite shield
rNeg     . . .     Spirit   .   b - +0 scale mail
rPois    .         Reflect  .   (no helmet)
rElec    .         Harm     .   e - +0 cloak
rCorr    .         Rampage  .   (no gloves)
Will     .....                  (no boots)
Stlth    ..........             (no amulet)
HPRegen  0.09/turn              (no ring)
MPRegen  0.08/turn              (no ring)

@: no status effects
A: demonic magic 1
a: no special abilities


You were on level 2 of the Dungeon.
You visited 1 branch of the dungeon, and saw 2 of its levels.

You collected 52 gold pieces.

Inventory:

Hand Weapons
 a - a +0 trident (weapon)
Armour
 b - a +0 scale mail (worn)
 c - a +0 kite shield (worn)
 e - a +0 cloak (worn)
Scrolls
 g - a scroll of immolation {unknown}
 h - a scroll of identify {unknown}
Potions
 d - a potion of might
 f - a potion of degeneration {unknown}


   Skills:
 + Level 3.3 Fighting
 * Level 2.5 Polearms
 + Level 3.0 Armour
 + Level 3.0 Shields


You had 2 spell levels left.
You didn't know any spells.
Your spell library was empty.

Dungeon Overview and Level Annotations

Branches:
Dungeon (2/15)

Altars:

Annotations:
D:2 Sigmund


Innate Abilities, Weirdness & Mutations

Spells you cast may paralyse adjacent enemies.


Message History

Sigmund is nearby!
You reach to attack!
You puncture Sigmund!
Sigmund is moderately wounded.
Sigmund hits you but does no damage.
You reach to attack!
You closely miss Sigmund.
Sigmund is moderately wounded.
Sigmund hits you from afar with a +2 scythe of flaming!
Sigmund burns you.
Sigmund is nearby!
You reach to attack!
You closely miss Sigmund.
Sigmund is moderately wounded.
Sigmund hits you from afar with a +2 scythe of flaming!
* * * LOW HITPOINT WARNING * * *
Sigmund burns you.
* * * LOW HITPOINT WARNING * * *
You are too injured to fight recklessly!
You are too injured to fight recklessly!
You are too injured to fight recklessly!
Unknown command.
Reach: a) +0 trident
Press: ? - help, Dir - move target, f/p - Sigmund
Aim: Sigmund, wielding a +2 scythe of flaming and wearing a +0 robe (moderately wounded, about 47% to evade your +0 trident)
You reach to attack!
You closely miss Sigmund.
Sigmund is moderately wounded.
Sigmund casts a spell at you.
The magic dart hits you but does no damage.
Reach: a) +0 trident
Press: ? - help, Dir - move target, f/p - Sigmund
Aim: Sigmund, wielding a +2 scythe of flaming and wearing a +0 robe (moderately wounded, about 47% to evade your +0 trident)
You reach to attack!
You hit Sigmund.
Sigmund is heavily wounded.
Sigmund barely misses you.
Reach: a) +0 trident
Press: ? - help, Dir - move target, f/p - Sigmund
Aim: Sigmund, wielding a +2 scythe of flaming and wearing a +0 robe (heavily wounded, about 47% to evade your +0 trident)
You reach to attack!
You barely miss Sigmund.
Sigmund is heavily wounded.
Sigmund gestures at you while chanting. The magic dart hits you.
You die...

#.....# ###.#........#
#### #.....#
#.#.#####..# ...#
#.....# #.#.# #..# ##.#
#.....#########.#.# #..#
#.# #...............#.#
#... #.#
#[............#.#.# #.##
#.# #.............#.#.#
#.#. #.#
###'#..@......###.# #.#.
##.# #.#....@....'...#
#.#. .#.#####
#.#.........##### #...
.#.....#
#.#..........###########
.#.....#
#.####'#####............
.#.....###.####'###
#############
.........#........#
####......#
.#.#####.####.....#
#..'......' .#.# #.#
#.....# #.##......# .#.#
###.####.....#
#.##......#


You could see Sigmund.

Vanquished Creatures
  4 ball pythons
  An endoplasm (D:1)
  7 giant cockroaches
  A hobgoblin (D:1)
  2 jackals (D:1)
  3 quokkas
  3 bats
  3 frilled lizards
  8 kobolds
  4 rats
36 creatures vanquished.

Notes
Turn   | Place    | Note
-------+----------+-------------------------------------------
     0 | D:1      | McKennaii the Demonspawn Fighter began the quest for the
                  | Orb.
     0 | D:1      | Reached XP level 1. HP: 18/18 MP: 1/1
   576 | D:1      | Gained mutation: Spells you cast may paralyse adjacent
                  | enemies. [demonic ancestry]
   576 | D:1      | Reached XP level 2. HP: 24/24 MP: 2/2
   852 | D:1      | Found a faded altar of an unknown god.
  1151 | D:1      | Reached XP level 3. HP: 29/29 MP: 3/3
  1841 | D:2      | Noticed Sigmund
  2387 | D:2      | Killed from afar by Sigmund

Illustrated notes

Levels and vault maps discovered:
D:1:      dpeg_arrival_triangle_fractal, layout_basic,
          chequers_ecumenical_altar_simple_redux, minmay_door_square
D:2:      layout_basic, kennysheep_another_room, uniq_sigmund

Skill      XL: |  1  2  3 |
---------------+----------+-----
Polearms       | 2 |  2.5
Shields        | 3 |  3.0
Armour         | 3 |  3.0
Fighting       | |  3.3

Action                   || total
-------------------------++-------
Melee: Trident           ||   140
  Use: Potion            ||     1
Armor: Scale mail        ||    83
Dodge: Dodged            ||    45
Block: Kite shield       ||    48
